 Dungeon Crawl Stone Soup version 0.18-a0-1273-g8ec5f8e (webtiles) character file.

18 M4edhros the Charlatan (level 2, -5/18 HPs)
             Began as an Octopode Artificer on Feb 8, 2016.
             Killed from afar by an orc wizard (9 damage)
             ... with a puff of flame
             ... on level 4 of the Dungeon.
             The game lasted 00:01:25 (924 turns).

M4edhros the Charlatan (Octopode Artificer)          Turns: 924, Time: 00:01:25

Health: -5/18      AC:  1    Str: 10    XL:     2   Next: 66%
Magic:  4/4        EV: 12    Int: 14    God:
Gold:   59         SH:  0    Dex: 12    Spells: 0 memorised, 1 level left

rFire  . . .     SeeInvis .     k - +1 dagger (speed)
rCold  . . .     Gourm    .     (no shield)
rNeg   . . .     Faith    .     (helmet restricted)
rPois  .         Spirit   .     (no amulet)
rElec  .         Dismiss  .     (no ring)
rCorr  .         Reflect  .     (no ring)
SustAt .         Harm     .     (no ring)
MR     .....                    (no ring)
Stlth  +++.......               (no ring)
                                (no ring)
                                (no ring)
                                (no ring)

@: slowed, very slow, not resistant to hostile enchantments, fairly stealthy
A: almost no armour, amphibious, 8 rings, constrict 8, camouflage 1, gelatinous
body 1
a: no special abilities


You were on level 4 of the Dungeon.
You were not hungry.

You visited 1 branch of the dungeon, and saw 4 of its levels.

You collected 59 gold pieces.

Inventory:

Hand Weapons
 a - a +0 short sword
 k - a +1 dagger of speed (weapon)
Missiles
 e - 58 stones (quivered)
Jewellery
 m - an uncursed amulet of guardian spirit {unknown}
Wands
 b - a wand of flame (11/48)
 c - a wand of enslavement (11/24)
 d - a wand of random effects (13/48)
Scrolls
 g - 3 scrolls of magic mapping {unknown}
 h - a scroll of fog {unknown}
 j - 5 scrolls of enchant armour {unknown}
 n - a scroll of remove curse {unknown}
 o - a scroll of identify {unknown}
Potions
 i - a potion of agility {unknown}
 l - a potion of magic {unknown}
 p - a potion of haste {unknown}
 q - a potion of mutation {unknown}
Comestibles
 f - a bread ration
 r - a beef jerky
 s - a meat ration


   Skills:
 - Level 1.0 Fighting
 - Level 1.0 Short Blades
 + Level 2.3 Dodging
 * Level 3.0 Stealth
 + Level 3.4 Evocations


You had one spell level left.
You didn't know any spells.

Dungeon Overview and Level Annotations

Branches:
Dungeon (4/15)
 Temple: D:4-7

Altars:
Gozag

Annotations:
D:4 M4edhros's ghost, amateur OpAr


Innate Abilities, Weirdness & Mutations

You cannot wear most types of armour.
You are amphibious.
You can wear up to eight rings at the same time.
You can use your tentacles to constrict eight enemies at once.
Your skin changes colour to match your surroundings (Stealth).
Your rubbery body absorbs attacks (AC +1).


Message History

You constrict the orc wizard.
The giant newt bites you but does no damage.
The orc wizard closely misses you. The orc hits you with a flail!
Ouch! That really hurt!
* * * LOW HITPOINT WARNING * * *
Unknown command.
Unknown command.
Drink which item? (? for menu, Esc to quit)
Okay, then.
Evoke which item? (* to show all) (? for menu, Esc to quit)
Zapping:
c - a wand of enslavement (12/24)
Press: ? - help, Shift-Dir - straight line, f - giant newt, p - orc wizard
Aim: a giant newt (chance to defeat MR: 85%)
The orc is charmed.
This wand has 11 charges left.
You constrict the orc wizard. The giant newt closely misses you.
Your orc wizard hits the orc wizard with a dagger.
The orc wizard gestures at you while chanting.
The puff of flame hits you!
Ouch! That really hurt!
You die...

###..###
###......###
###..........##
##.............#
#..........(....
#...............
#.......l.o.....
#......@o......
#......oo.)....
######
##..>.........#
#....#
#............#
#....##
##..........##
#.....#
#.........##
#.....#
##.....[..#
#.....##
#.......##
##.....#
##.....##


You could see an orc wizard, an orc, a giant newt, a friendly orc wizard and a
friendly orc.

Vanquished Creatures
  A giant gecko (D:3)
  A ball python (D:3)
  A bat (D:2)
  2 goblins
  3 hobgoblins (D:2)
  2 jackals (D:2)
  A quokka (D:2)
  A giant newt (D:3)
  A kobold (D:3)
  A rat (D:2)
14 creatures vanquished.

Vanquished Creatures (others)
  A jackal (D:2)
1 creature vanquished.

Grand Total: 15 creatures vanquished

Notes
Turn   | Place    | Note
--------------------------------------------------------------
     0 | D:1      | M4edhros the Octopode Artificer began the quest for the Orb.
     0 | D:1      | Reached XP level 1. HP: 13/13 MP: 3/3
    21 | D:1      | You fall through a shaft!
   235 | D:2      | Found an opulent altar of Gozag.
   263 | D:2      | Reached XP level 2. HP: 4/18 MP: 4/4
   830 | D:4      | Noticed M4edhros's ghost (amateur OpAr)
   924 | D:4      | Killed from afar by an orc wizard

Vault maps used:
D:1:      dpeg_arrival_simpleton_a
D:2:      makhleb_altar_promises_db, zin_treasury, grunt_gozag_breadcrumbs,
          uniq_jessica
D:3:      uniq_natasha
D:4:      minmay_door_path, xom_confusion_cloud, serial_shops,
          nicolae_shop_crystal

Action                   || total
-------------------------++-------
Melee: Short sword       ||    10
       Dagger            ||    15
Evoke: Wand              ||    10
 Stab: Sleeping          ||     2
